 Dungeon Crawl Stone Soup version 0.22-a0-433-gd2a9cce (webtiles) character file.

35 suicidejoker the Slasher (level 3, -5/22 HPs)
             Began as a Gargoyle Gladiator on May 27, 2018.
             Slain by Sigmund
             ... wielding a +0 scythe
              (11 damage)
             ... on level 2 of the Dungeon.
             The game lasted 00:01:24 (881 turns).

suicidejoker the Slasher (Gargoyle Gladiator)        Turns: 881, Time: 00:01:25

Health: -5/22      AC:  7    Str: 17    XL:     3   Next: 35%
Magic:  3/3        EV: 18    Int:  8    God:
Gold:   27         SH:  0    Dex: 17    Spells: 2/2 levels left

rFire    . . .     SeeInvis .   a - +0 long sword
rCold    . . .     Gourm    .   (no shield)
rNeg     + . .     Faith    .   b - +0 leather armour
rPois    ∞         Spirit   .   c - +0 helmet
rElec    +         Reflect  .   (no cloak)
rCorr    .         Harm     .   (no gloves)
MR       .....                  (no boots)
Stlth    +++.......             (no amulet)
HPRegen  0.07/turn              (no ring)
MPRegen  0.08/turn              (no ring)

@: agile
A: negative energy resistance 1, electricity resistance, unbreathing,
petrification resistance, rot immunity, AC +3
a: no special abilities


You were on level 2 of the Dungeon.
You were not hungry.

You visited 1 branch of the dungeon, and saw 2 of its levels.

You collected 27 gold pieces.

Inventory:

Hand Weapons
 a - a +0 long sword (weapon)
Missiles
 d - 3 throwing nets (quivered)
 g - 4 stones
Armour
 b - a +0 leather armour (worn)
 c - a +0 helmet (worn)
Comestibles
 f - 2 rations


   Skills:
 + Level 2.4 Fighting
 * Level 3.1 Long Blades
 - Level 1.7 Throwing
 + Level 0.7 Armour
 * Level 2.9 Dodging
 + Level 0.7 Stealth


You had 2 spell levels left.
You didn't know any spells.
Your spell library was empty.

Dungeon Overview and Level Annotations

Branches:
Dungeon (2/15)

Altars:

Annotations:
D:2 Sigmund


Innate Abilities, Weirdness & Mutations

You are resistant to torment.
Your stone body is resilient. (AC +3)
You are immune to poison.
You resist negative energy. (rN+)
You are resistant to electric shocks. (rElec)
You can survive without breathing.
You are immune to petrification.
You are immune to rotting.


Message History

You feel agile all of a sudden. Something hits you.
You hit something. You closely miss something. Something misses you.
You miss something. Something closely misses you.
You hit something. Something hits you.
You hit something but do no damage.
You hear some strange, mumbled words.
A puff of flame appears from out of thin air!
The puff of flame misses you.
You miss something. Something closely misses you.
You slash something! Something barely misses you.
You closely miss something. Something hits you but does no damage.
You closely miss something.
A kobold comes into view. It is wielding a rapier.
You miss something. Something hits you.
* * * LOW HITPOINT WARNING * * *
Something hits you!
Ouch! That really hurt!
You die...

### #.#
#.###############
#................
#.###############
#.# #.#
#########$####
....).{.@....###
.............>...
###.#####.##..#.#
# #.# #K# #.# .#
#.. . ### #


You could see a kobold (wandering).

Vanquished Creatures
  A leopard gecko (D:1)
  5 giant cockroaches (D:1)
  2 goblins (D:1)
  6 hobgoblins
  4 jackals (D:1)
  3 kobolds (D:1)
  2 bats (D:1)
  2 frilled lizards (D:1)
  3 rats (D:1)
28 creatures vanquished.

Notes
Turn   | Place    | Note
-------+----------+-------------------------------------------
     0 | D:1      | suicidejoker the Gargoyle Gladiator began the quest for the Orb.
     0 | D:1      | Reached XP level 1. HP: 12/12 MP: 1/1
    60 | D:1      | Reached XP level 2. HP: 12/17 MP: 2/2
   377 | D:1      | Reached skill level 3 in Long Blades
   431 | D:1      | Reached XP level 3. HP: 22/22 MP: 3/3
   857 | D:2      | Noticed Sigmund
   881 | D:2      | Slain by Sigmund

Vault maps used:
D:1:      dpeg_arrival_chase
D:2:      chequers_temple_overflow_minitemple, kennysheep_path_1, uniq_sigmund,
          uniq_natasha, uniq_robin

Skill      XL: |  1  2 |
---------------+-------+-----
Long Blades    | 3 |  3.1
Fighting       | |  2.4
Throwing       | |  1.7
Armour         | |  0.7
Dodging        | |  2.9
Stealth        | |  0.7

Action                   || total
-------------------------++-------
Melee: Long sword        ||    83
  Use: Potion            ||     3
       Scroll            ||     1
Armor: Leather armour    ||    28
Dodge: Dodged            ||    53
       Rpst.: Long sword ||    21

Table legend:
 A = Spawn XP
 B = Non-spawn XP
 C = Spawn XP percentage of total XP
 D = Spawn monster count
 E = Non-spawn monster count
 F = Spawn count percentage of total count
 G = Total turns spent on level
                    A         B        C        D         E        F      G
               +---------+---------+-------+---------+---------+-------+---------
         Total |       0 |      51 |   0.0 |       0 |      28 |   0.0 |   881
               +---------+---------+-------+---------+---------+-------+---------
           D:1 |       0 |      49 |   0.0 |       0 |      27 |   0.0 |   792
           D:2 |       0 |       2 |   0.0 |       0 |       1 |   0.0 |    89
               +---------+---------+-------+---------+---------+-------+---------
